 Dungeon Crawl Stone Soup version 0.18-a0-117-g77bb7e1 (webtiles) character file.

68671 ReteAZ the Spry (level 15, -15/106 HPs)
             Began as an Octopode Monk on Nov 18, 2015.
             Was the Champion of Cheibriados.
             Demolished by a five-headed hydra (16 damage)
             ... on level 1 of the Swamp.
             The game lasted 01:13:16 (20235 turns).

ReteAZ the Spry (Octopode Monk)                    Turns: 20235, Time: 01:13:17

Health: -15/106    AC:  1    Str: 28    XL:     15   Next: 27%
Magic:  0/30       EV: 40    Int: 28    God:    Cheibriados [******]
Gold:   571        SH:  0    Dex: 35    Spells: 0 memorised, 14 levels left

rFire  + . .     SeeInvis .       - Unarmed
rCold  + . .     Clarity  .     (no shield)
rNeg   . . .     SustAt   +     S - +0 hat
rPois  .         Gourm    .     U - amulet of guardian spirit
rElec  .         Spirit   +     q - ring of protection from magic
rCorr  .         Warding  .     y - +2 ring of dexterity
rMut   .         Stasis   .     R - +5 ring of evasion
MR     ++...                    O - ring of protection from fire
Stlth  ++++++....               V - ring of stealth
                                X - ring of sustain attributes
                                H - +2 ring of evasion
                                J - ring "Oxodiol" {SustAt rC+ MP+9}

@: very slow, very resistant to hostile enchantments, very stealthy
A: almost no armour, amphibious, 8 rings, constrict 8, camouflage 1, gelatinous
body 1
a: Bend Time, Temporal Distortion, Slouch, Step From Time, Renounce Religion


You were on level 1 of the Swamp.
You worshipped Cheibriados.
Cheibriados was exalted by your worship.
You were hungry.

You visited 5 branches of the dungeon, and saw 25 of its levels.
You also visited: Ice Cave.

You collected 2536 gold pieces.
You spent 1965 gold pieces at shops.

Inventory:

Missiles
 e - a throwing net
 D - 7 silver javelins (quivered)
Armour
 L - a +0 shield
 S - a +0 hat (worn)
Jewellery
 b - an uncursed ring of ice
 o - an uncursed ring of protection from fire
 q - a ring of protection from magic (left tentacle)
 x - an uncursed amulet of regeneration
 y - a +2 ring of dexterity (right tentacle)
 H - a +2 ring of evasion (on tentacle)
 J - the ring "Oxodiol" (on tentacle) {SustAt rC+ MP+9}
   (You bought it in a shop on level 4 of the Orcish Mines)

   [ring of sustain attributes]

   It sustains your strength, intelligence and dexterity.
   It protects you from cold.
   It affects your magic capacity (+9).
 O - a ring of protection from fire (on tentacle)
 P - an uncursed ring of see invisible
 R - a +5 ring of evasion (on tentacle)
 U - an amulet of guardian spirit (around mantle)
 V - a ring of stealth (on tentacle)
 X - a ring of sustain attributes (on tentacle)
Wands
 p - a wand of teleportation (5)
 u - a wand of fireball (6)
 W - a wand of fire (1)
Scrolls
 g - 3 scrolls of identify
 k - a scroll of recharging
 n - 5 scrolls of teleportation
 r - a scroll of enchant armour
 t - 7 scrolls of remove curse
 v - a scroll of amnesia
 C - a scroll of fear
 I - 2 scrolls of enchant weapon
 K - 4 scrolls of fog
Potions
 c - 10 potions of curing
 i - 2 potions of might
 m - 3 potions of brilliance
 s - a potion of invisibility
 z - 2 potions of heal wounds
 A - 2 potions of agility
 B - a potion of flight
Books
 j - the Collected Works on Hurtful Glamour
   (You found it on level 4 of the Orcish Mines)

   Spells                             Type                      Level
   a - Confusing Touch                Hexes                        2
   b - Dazzling Spray                 Conjuration/Hexes            3
   c - Tukima's Dance                 Hexes                        3
   d - Fulminant Prism                Conjuration/Hexes            4
 E - a book of Power

   Spells                             Type                      Level
   a - Fulminant Prism                Conjuration/Hexes            4
   b - Iskenderun's Mystic Blast      Conjuration                  4
   c - Venom Bolt                     Conjuration/Poison           5
   d - Bolt of Magma                  Conjuration/Fire/Earth       5
   e - Iron Shot                      Conjuration/Earth            6
   f - Orb of Destruction             Conjuration                  7
   g - Spellforged Servitor           Conjuration/Summoning        7
 Q - a Necronomicon

   Spells                             Type                      Level
   a - Haunt                          Necromancy/Summoning         7
   b - Borgnjor's Revivification      Necromancy                   8
   c - Death's Door                   Charms/Necromancy            8
   d - Necromutation                  Transmutation/Necromancy     8
 T - a book of the Sky

   Spells                             Type                      Level
   a - Summon Lightning Spire         Summoning/Air                4
   b - Airstrike                      Air                          4
   c - Silence                        Hexes/Air                    5
   d - Deflect Missiles               Charms/Air                   6
   e - Conjure Ball Lightning         Conjuration/Air              6
   f - Tornado                        Air                          9
Miscellaneous
 f - a stone of tremors
 w - a legendary deck of summoning {drawn: 1}
 M - a box of beasts
Comestibles
 a - 16 bread rations {@e1}
 d - 4 meat rations {@e2}
 h - 2 fruits
 l - 12 beef jerkies
 G - 2 slices of pizza
 N - 2 royal jellies


   Skills:
 - Level 11.0 Fighting
 - Level 16.0 Dodging
 - Level 2.6 Stealth
 + Level 7.4 Shields
 - Level 15.0 Unarmed Combat
 - Level 8.0 Invocations


You had 14 spell levels left.
You didn't know any spells.

Dungeon Overview and Level Annotations

Branches:
Dungeon (11/15)            Temple (1/1) D:5            Lair (8/8) D:11
  Swamp (1/4) Lair:3        Snake (0/4) Lair:6        Slime (0/6) Lair:6
    Orc (4/4) D:11            Elf (0/3) Orc:3

Altars:
Ashenzari
Cheibriados
Dithmenos
Elyvilon
Fedhas
Gozag
Kikubaaqudgha
Makhleb
Nemelex Xobeh
Okawaru
Qazlal
Ru
Sif Muna
Trog
Vehumet
Xom
Yredelemnul
Zin
The Shining One
Beogh

Shops:
Orc:2 %   Orc:3 =   Orc:4 !:(=([?!(

Annotations:
Orc:2 exclusion: oklob plant


Innate Abilities, Weirdness & Mutations

You cannot wear most types of armour.
You are amphibious.
You can wear up to eight rings at the same time.
You can use your tentacles to constrict eight enemies at once.
Your skin changes colour to match your surroundings (Stealth).
Your rubbery body absorbs attacks (AC +1).


Message History

Cheibriados appreciates the change of pace.
You bludgeon the five-headed hydra! You squeeze the five-headed hydra!
The five-headed hydra is severely wounded.
The five-headed hydra completely misses you. x2
The five-headed hydra misses you.
The five-headed hydra completely misses you. x3
The five-headed hydra bites you!
The five-headed hydra completely misses you. x3
You bludgeon the five-headed hydra! You squeeze the five-headed hydra.
The five-headed hydra is almost dead.
The five-headed hydra bites you!
* * * LOW HITPOINT WARNING * * *
The five-headed hydra bites you!
* * * LOW HITPOINT WARNING * * *
The five-headed hydra bites you!
* * * LOW HITPOINT WARNING * * *
The five-headed hydra closely misses you.
The five-headed hydra completely misses you. x3
The five-headed hydra bites you!
You die...

♣<.≈≈≈≈..♣ .≈≈≈≈♣.≈≈≈.
♣..≈≈≈≈..♣ ♣§≈♣...≈≈≈≈
♣....≈...♣ ♣..........
§...≈≈≈.≈♣ ♣♣...≈.≈..♣
.....≈≈.♣♣♣♣≈.≈≈≈≈≈.>♣
≈..≈≈≈≈≈.≈≈≈≈.≈≈≈≈≈≈.♣
.≈....≈≈≈≈≈≈≈..≈≈.≈≈.♣
≈..≈≈.≈≈≈≈♣≈....†D≈≈.♣.≈
≈≈.......♣♣♣♣...@.≈§.≈.≈
≈≈♣♣≈≈≈§.≈♣ ♣♣♣≈.D≈≈§.≈≈
≈..≈≈.....♣ ♣...≈≈≈≈≈≈≈
♣≈.≈≈≈.♣..♣ ♣≈...§≈≈≈≈..
♣♣.≈≈≈≈.≈.♣ ♣...≈≈≈≈≈≈≈.
♣.≈≈.≈...♣ ≈♣≈.≈≈≈≈≈≈≈≈
♣♣♣≈≈≈♣♣♣♣♣♣♣♣♣.....≈≈.
≈.(♣♣ ♣≈§....♣♣ .≈.♣


You could see 2 five-headed hydras.

Vanquished Creatures
  Gastronok (Orc:1)
  A dire elephant (Lair:6)
  2 hydras
  Fannar (Orc:1)
  Erica (Orc:1)
  3 orc high priests (Orc:4)
  A spriggan (Swamp:1)
  4 orc knights (Orc:4)
  A hill giant (D:9)
  5 orc sorcerers (Orc:4)
  3 griffons
  18 elephants
  Maurice (D:8)
  21 spiny frogs
  15 black mambas
  5 komodo dragons
  A fire drake (Lair:2)
  3 trolls
  48 blink frogs
  4 giant leeches
  A two-headed ogre (D:10)
  The ghost of ReteAZ the Insei, an amateur OpTm (D:4)
  Sigmund (D:4)
  34 yaks
  7 vampire mosquitoes (Lair:8)
  A wyvern (Lair:7)
  2 hungry ghosts
  5 basilisks
  5 hippogriffs
  2 swamp worms (Swamp:1)
  21 wolves
  A warg (Orc:3)
  14 orc warriors
  23 water moccasins
  3 ice beasts
  Purgy (D:4)
  13 porcupines
  A necrophage (D:10)
  4 sky beasts
  8 ogres
  A wasp (Swamp:1)
  5 centaurs
  A phantom (D:7)
  A big kobold (D:9)
  38 giant frogs
  13 crocodiles
  6 scorpions
  A water moccasin skeleton (D:4)
  9 killer bees
  9 electric eels
  5 crimson imps
  21 orc priests
  11 jellies
  A centaur skeleton (D:5)
  4 hounds
  Ijyb (D:3)
  10 iguanas
  2 giant frog skeletons
  30 orc wizards
  A quasit (D:9)
  7 worker ants
  25 sheep
  2 hound skeletons
  A worker ant zombie (D:6)
  16 adders
  71 river rats
  18 white imps
  3 shadow imps
  4 ufetubi (IceCv)
  2 oozes
  2 adder zombies
  4 worms
  7 giant geckos
  167 orcs
  4 bats
  3 giant cockroaches
  7 goblins
  2 hobgoblins
  5 jackals
  6 quokkas
  4 ball pythons
  9 giant newts
  9 kobolds
  3 plants
838 creatures vanquished.

Vanquished Creatures (others)
  A sheep (Lair:8)
  2 ufetubi (IceCv)
  A bush (Lair:4)
  7 fungi
  23 plants
34 creatures vanquished.

Grand Total: 872 creatures vanquished

Notes
Turn   | Place    | Note
--------------------------------------------------------------
     0 | D:1      | ReteAZ the Octopode Monk began the quest for the Orb.
     0 | D:1      | Reached XP level 1. HP: 16/16 MP: 1/1
   215 | D:1      | Reached XP level 2. HP: 13/21 MP: 2/2
   396 | D:1      | Found a sparkling altar of Nemelex Xobeh.
   673 | D:2      | Reached XP level 3. HP: 19/26 MP: 3/3
   986 | D:2      | Reached XP level 4. HP: 16/31 MP: 4/4
  1581 | D:2      | Found a glowing golden altar of the Shining One.
  1704 | D:3      | Reached skill level 5 in Unarmed Combat
  1704 | D:3      | Reached XP level 5. HP: 36/36 MP: 5/5
  2028 | D:3      | Noticed Ijyb
  2039 | D:3      | Killed Ijyb
  2039 | D:3      | Reached skill level 5 in Dodging
  2569 | D:4      | Found a shattered altar of Ashenzari.
  2598 | D:4      | Noticed Purgy
  2629 | D:4      | Killed Purgy
  2629 | D:4      | Reached skill level 6 in Unarmed Combat
  2629 | D:4      | Reached XP level 6. HP: 19/42 MP: 6/6
  2701 | D:4      | Noticed ReteAZ's ghost (amateur OpTm)
  2947 | D:4      | Noticed Sigmund
  2955 | D:4      | Killed Sigmund
  2955 | D:4      | Reached XP level 7. HP: 31/46 MP: 7/7
  3112 | D:4      | Reached skill level 7 in Unarmed Combat
  3144 | D:4      | Killed ReteAZ's ghost
  3203 | D:4      | Reached XP level 8. HP: 48/52 MP: 8/8
  3504 | D:5      | Entered Level 5 of the Dungeon
  3590 | D:5      | Found a burning altar of Makhleb.
  3617 | D:5      | Reached skill level 8 in Unarmed Combat
  3826 | D:5      | Found an iron altar of Okawaru.
  3891 | D:5      | Found a white marble altar of Elyvilon.
  3895 | D:5      | Found a deep blue altar of Sif Muna.
  3898 | D:5      | Found an ancient bone altar of Kikubaaqudgha.
  3981 | D:5      | Found a staircase to the Ecumenical Temple.
  3990 | Temple   | Entered the Ecumenical Temple
  4016 | Temple   | Became a worshipper of Cheibriados the Contemplative
  4016 | Temple   | Reached * piety under Cheibriados
  4016 | Temple   | Reached ** piety under Cheibriados
  5232 | D:6      | Reached XP level 9. HP: 32/56 MP: 9/9
  5447 | D:7      | Reached *** piety under Cheibriados
  5460 | D:7      | Reached skill level 9 in Unarmed Combat
  5842 | D:7      | Reached skill level 10 in Dodging
  5988 | D:7      | Reached **** piety under Cheibriados
  6192 | D:8      | Reached skill level 11 in Dodging
  6295 | D:8      | Noticed Maurice
  6665 | D:8      | Killed Maurice
  6665 | D:8      | Reached XP level 10. HP: 63/63 MP: 10/10
  6715 | D:8      | Found an opulent altar of Gozag.
  7358 | D:9      | Noticed a hill giant
  7361 | D:9      | Killed a hill giant
  7361 | D:9      | Reached skill level 12 in Dodging
  7826 | D:9      | Reached ***** piety under Cheibriados
  8229 | D:10     | Entered Level 10 of the Dungeon
  8902 | D:10     | Reached skill level 5 in Fighting
  8902 | D:10     | Reached skill level 13 in Dodging
  8906 | D:10     | Reached XP level 11. HP: 62/71 MP: 11/11
  9049 | D:11     | Reached skill level 10 in Unarmed Combat
  9051 | D:11     | Reached skill level 1 in Invocations
  9171 | D:11     | Found a staircase to the Lair.
  9173 | D:11     | Found a staircase to the Orcish Mines.
  9187 | Lair:1   | Entered Level 1 of the Lair of Beasts
  9584 | Lair:1   | Reached skill level 5 in Invocations
 10600 | Lair:2   | Reached ****** piety under Cheibriados
 10757 | Lair:3   | Reached XP level 12. HP: 81/81 MP: 17/17
 10860 | Lair:3   | Found a staircase to the Swamp.
 11789 | Lair:4   | Found a frozen archway.
 11843 | IceCv    | Entered an ice cave
 12421 | Lair:4   | Reached XP level 13. HP: 69/88 MP: 19/19
 12662 | Lair:5   | Reached skill level 14 in Unarmed Combat
 13349 | Lair:6   | Reached skill level 15 in Unarmed Combat
 13382 | Lair:6   | Found a staircase to the Snake Pit.
 13979 | Lair:6   | Noticed a dire elephant
 14035 | Lair:6   | Killed a dire elephant
 14214 | Lair:6   | Found a staircase to the Slime Pits.
 14235 | Lair:6   | Reached XP level 14. HP: 89/97 MP: 20/20
 15356 | Lair:7   | Reached skill level 15 in Dodging
 15362 | Lair:7   | Reached skill level 10 in Fighting
 15626 | Lair:8   | Entered Level 8 of the Lair of Beasts
 16478 | Lair:8   | Reached skill level 1 in Shields
 17035 | Orc:1    | Entered Level 1 of the Orcish Mines
 17035 | Orc:1    | Found a bloodstained altar of Trog.
 17035 | Orc:1    | Noticed Fannar
 17039 | Orc:1    | Killed Fannar
 17209 | Orc:2    | Found Haton's Food Shop.
 17746 | Orc:3    | Found Rituas's Jewellery Emporium.
 17775 | Orc:3    | Reached skill level 16 in Dodging
 17899 | Orc:3    | Found a roughly hewn altar of Beogh.
 18003 | Orc:3    | Found a staircase to the Elven Halls.
 18262 | Orc:4    | Entered Level 4 of the Orcish Mines
 18269 | Orc:4    | Found Bamuwein's Distillery.
 18356 | Orc:4    | Found Rutesop's Magic Scroll Shoppe.
 18359 | Orc:4    | Found Aniyzxeh's Antique Armour Emporium.
 18362 | Orc:4    | Found Ziffurud's Distillery.
 18544 | Orc:4    | Found Imythaci's Weapon Emporium.
 18765 | Orc:4    | Identified the Collected Works on Hurtful Glamour
 18951 | Orc:4    | Found Joxeo's Antique Weapon Boutique.
 19121 | Orc:4    | Reached XP level 15. HP: 106/106 MP: 21/21
 19163 | Orc:4    | Reached skill level 5 in Shields
 19203 | Orc:4    | Found Isileq's Book Boutique.
 19218 | Orc:4    | Found Qeduom's Antique Weapon Emporium.
 19224 | Orc:4    | Found Davim's Jewellery Emporium.
 19265 | Orc:4    | Bought a +2 ring of evasion for 170 gold pieces
 19265 | Orc:4    | Bought the ring "Oxodiol" {SustAt rC+ MP+9} for 535 gold pieces
 19436 | Orc:3    | Bought an uncursed ring of see invisible for 270 gold pieces
 19436 | Orc:3    | Bought a +5 ring of evasion for 990 gold pieces
 19522 | Orc:1    | Noticed Gastronok
 19534 | Orc:1    | Killed Gastronok
 19731 | Orc:1    | Found a roughly hewn altar of Beogh.
 19830 | Orc:1    | Noticed Erica
 19839 | Orc:1    | Killed Erica
 20200 | Swamp:1  | Entered Level 1 of the Swamp
 20235 | Swamp:1  | HP: 1/106 [five-headed hydra (9)]
 20235 | Swamp:1  | Demolished by a five-headed hydra

Vault maps used:
D:1:      dpeg_arrival_ternary, nemelex_altar_shiori
D:2:      tso_oasis_becter, minivault_4, uniq_crazy_yiuf_cottage
D:3:      uniq_iyjb
D:4:      lemuel_crystal_altar, first_bread, uniq_purgy, uniq_sigmund
D:5:      okawaru_ov_weapons_minmay, lemuel_doored_altar, minitemple,
          lemuel_temple_firewalk_marked
D:7:      nicolae_water_bricks, grunt_ogre_cave, minmay_misc_feat_hallway
D:8:      kennysheep_mini_moat, uniq_maurice
D:9:      st_stairs_10, hangedman_decor_clover_reticule
D:11:     lair_0_dummy, minmay_orc_entry_temple_small, minmay_lindwurm_lava
Temple:   triangle_lava_temple_11
Lair:3:   swamp_mist, minivault_25, serial_bayou_lake_a
Lair:4:   portal_ice_cave_entry_imps, serial_bayou_lagoon_a
Lair:5:   minmay_holes, infiniplex_staircase_pool
Lair:6:   beast_lair_carwin_large_4, minmay_snake_entry_six_corridors,
          minmay_slime_entry_pillars, minivault_25, st_stairs_8,
          infiniplex_staircase_pool_2
Lair:7:   grunt_megastairs_1
Lair:8:   minmay_lair_end_frog_pond
Swamp:1:  serial_swamp_ruin, evilmike_swamp_ruin_house_5,
          evilmike_swamp_ruin_house_1, evilmike_swamp_ruin_rubble_2, uniq_aizul
Orc:1:    basic_altar, bloody_trog, uniq_erica, uniq_gastronok, uniq_fannar
Orc:2:    serial_shops, nicolae_shop_window_shopping, mines3_lemuel
Orc:3:    basic_altar, serial_shops, nicolae_shop_crystal,
          nicolae_orc_pool_cavern
Orc:4:    st_orc_elflike, serial_shops, shop, nicolae_shop_waterfront,
          nicolae_shop_trees, shop, shop, guppyfry_library_mini
IceCv:    ice_cave_small_demon

Action                   |  1- 3 |  4- 6 |  7- 9 | 10-12 | 13-15 || total
-------------------------+-------+-------+-------+-------+-------++-------
Melee: Unarmed           |    47 |   129 |   230 |   497 |   796 ||  1699
Throw: Javelin           |       |       |     7 |    48 |    23 ||    78
       Throwing net      |       |       |       |       |     2 ||     2
Invok: Slouch            |       |       |       |     3 |     9 ||    12
Evoke: Wand              |       |       |     1 |       |     5 ||     6
       Deck              |       |       |       |       |     1 ||     1
  Use: Potion            |       |     4 |     2 |     1 |     1 ||     8
       Scroll            |       |       |    10 |    12 |    12 ||    34
 Stab: Sleeping          |     6 |    10 |    13 |    21 |    47 ||    97
       Distracted        |       |     1 |     5 |     3 |     9 ||    18
       Invisible         |       |       |       |     9 |       ||     9
  Eat: Chunk             |       |     7 |     9 |    13 |    19 ||    48
       Fruit             |       |       |       |     2 |     2 ||     4
